 Dungeon Crawl Stone Soup version 0.28-a0-1143-gcf6077d4cc (webtiles) character file.

Game seed: 7730973154528643718

183 SensoryNuts the Slasher (level 5, -2/46 HPs)
             Began as a Draconian Fighter on Dec 13, 2021.
             Slain by a killer bee (7 damage)
             ... on level 4 of the Dungeon.
             The game lasted 00:03:27 (3246 turns).

SensoryNuts the Slasher (Draconian Fighter)         Turns: 3246, Time: 00:03:27

Health: -2/46      AC:  5    Str: 20    XL:     5   Next: 35%
Magic:  5/5        EV: 12    Int:  8    God:
Gold:   150        SH:  5    Dex: 11    Spells: 4/4 levels left

rFire   . . .      SeeInvis .   a - +0 long sword
rCold   . . .      Faith    .   b - +1 buckler
rNeg    . . .      Spirit   .   (armour unavailable)
rPois   .          Reflect  .   (helmet restricted)
rElec   .          Harm     .   (no cloak)
rCorr   .          Rampage  .   (no gloves)
Will    .....                   (no boots)
Stlth   +.........              (no amulet)
HPRegen 0.15/turn               (no ring)
MPRegen 0.09/turn               (no ring)

@: no status effects
A: AC +5, unfitting armour, cold-blooded
a: no special abilities


You were on level 4 of the Dungeon.
You visited 1 branch of the dungeon, and saw 4 of its levels.

You collected 150 gold pieces.

Inventory:

Hand Weapons
 a - a +0 long sword (weapon)
Armour
 b - a +1 buckler (worn)
Wands
 f - a wand of iceblast (10)
Scrolls
 c - a scroll of blinking {unknown}
 d - a scroll of identify
 e - a scroll of silence
 g - 3 scrolls of vulnerability
 i - a scroll of fog {unknown}
 j - a scroll of enchant armour
Potions
 h - a potion of ambrosia {unknown}


   Skills:
 + Level 3.9 Fighting
 + Level 4.0 Long Blades
 + Level 3.6 Dodging
 + Level 0.6 Stealth
 + Level 3.4 Shields


You had 4 spell levels left.
You didn't know any spells.
Your spell library contained the following spells:

 Spells                   Type           Power      Damage    Failure   Level
 Ensorcelled Hibernation  Hex/Ice        0%         N/A       56%         2
 Tukima's Dance           Hex            0%         N/A       80%         3


Dungeon Overview and Level Annotations

Branches:
Dungeon (4/15)
 Temple: D:4-7

Altars:


Innate Abilities, Weirdness & Mutations

Your plain brown scales are hard. (AC +5)
You cannot fit into any form of body armour.
You are cold-blooded and may be slowed by cold attacks.


Message History

The killer bee stings you.
You barely miss the killer bee.
You tail-slap the killer bee, but do no damage.
You feel very sick.
The killer bee closely misses you. x2; The killer bee stings you!
The ufetubus hits you. The ufetubus completely misses you.
The killer bee closely misses you. The killer bee misses you.
The killer bee stings you. You block the ufetubus's attack.
The ufetubus barely misses you. The killer bee barely misses you.
The killer bee stings you but does no damage.
You feel sick. The killer bee closely misses you.
The killer bee barely misses you.
The ufetubus hits you but does no damage.
The ufetubus hits you.
You feel sick. The killer bee barely misses you.
You block the killer bee's attack. The killer bee barely misses you.
The killer bee closely misses you. The killer bee stings you.
The killer bee barely misses you.
You feel sick. The killer bee misses you. The killer bee closely misses you.
The killer bee barely misses you. The ufetubus hits you.
* * * LOW HITPOINT WARNING * * *
You block the ufetubus's attack.
You feel sick. You block the killer bee's attack.
The killer bee barely misses you. You block the killer bee's attack.
Okay, then.
You feel sick. The killer bee barely misses you.
You feel sick. The killer bee barely misses you. x2
A jackal comes into view.
The killer bee barely misses you.
You feel sick.
You are no longer poisoned.
The killer bee closely misses you. x2; The killer bee barely misses you.
The killer bee stings you.
* * * LOW HITPOINT WARNING * * *
You block the killer bee's attack. x2; You block the jackal's attack.
The jackal barks!
The ufetubus closely misses you. The ufetubus misses you.
You block the killer bee's attack.
The killer bee barely misses you. x2; The killer bee stings you!
You die...

...+ #..#...#.......#..# ..##
#..#...#.......+..# ..#
#(.#...#.......#..#####
..##..##..#...#.h.....#..##..#
......##..##..#.......#......#
......##..##..#.y.....#......#
..##..##......#yhy....#...(..#
..##..##......#5yy....#......#
. #..##..##..#.@y....'..##..#
##..##..##..#.......#..##..#
..+....'...#..'.......#...#..#
..##'###...#..#...(...#...#..#
..##..##...#..#.......#...#..#
..##..#######+#.......#..###'#
..##..#...............#..##..#
..###'#...............#...+..#
..##..#........#####+##..##..#


You could see 6 killer bees, an ufetubus and 2 jackals.

Vanquished Creatures
  A howler monkey (D:3)
  A hound skeleton (D:4)
  Robin (D:2)
  4 gnolls (D:4)
  2 adders
  A worm (D:2)
  2 dart slugs (D:1)
  An orc (D:3)
  2 ball pythons
  4 endoplasms
  A giant cockroach (D:2)
  14 goblins
  4 hobgoblins
  2 jackals (D:1)
  5 kobolds
  2 quokkas
  4 bats
  3 frilled lizards
  2 rats
56 creatures vanquished.

Notes
Turn   | Place    | Note
-------+----------+-------------------------------------------
     0 | D:1      | SensoryNuts the Draconian Fighter began the quest for the
                  | Orb.
     0 | D:1      | Reached XP level 1. HP: 19/19 MP: 1/1
   133 | D:1      | Reached XP level 2. HP: 18/26 MP: 2/2
   927 | D:2      | Noticed Robin
   945 | D:2      | Reached XP level 3. HP: 28/33 MP: 3/3
   956 | D:2      | Killed Robin
  1172 | D:2      | Found a faded altar of an unknown god.
  1261 | D:2      | Reached skill level 3 in Long Blades
  1698 | D:3      | Reached XP level 4. HP: 37/40 MP: 4/4
  2732 | D:4      | Reached XP level 5. HP: 32/46 MP: 5/5
  2993 | D:4      | Reached skill level 4 in Long Blades
  3246 | D:4      | Slain by a killer bee

Illustrated notes

Levels and vault maps discovered:
D:1:      eino_arrival_druids_welcome, layout_loops_ring
D:2:      layout_rooms, shapermc_ecumenical_altar_mp_vishouse, uniq_robin
D:3:      layout_loops_ring
D:4:      layout_gridville, serial_shops, shop, hangedman_decor_slide_cut,
          uniq_sigmund

Skill      XL: |  1  2  3  4  5 |
---------------+----------------+-----
Dodging        | 3 |  3.6
Long Blades    | 3 4 |  4.0
Fighting       | |  3.9
Stealth        | |  0.6
Shields        | |  3.4

Action                   |  1- 3 |  4- 6 || total
-------------------------+-------+-------++-------
Melee: Long sword        |    93 |    53 ||   146
       Tailslap          |    10 |     6 ||    16
  Use: Scroll            |     5 |       ||     5
       Potion            |     4 |     1 ||     5
 Stab: Sleeping          |       |     1 ||     1
Armor: Skin              |    32 |    17 ||    49
Dodge: Dodged            |    51 |    56 ||   107
Block: Buckler           |    23 |    30 ||    53

Table legend: (Time is in decaauts)
 A = Elapsed time spent in this place.
 B = Non-inter-level travel time spent in this place.
 C = Inter-level travel time spent in this place.
 D = Time resting spent in this place.
 E = Time spent auto-exploring this place.
 F = Levels seen in this place.
 G = Mean time per level.
                   A        B        C        D        E       F      G
               +--------+--------+--------+--------+--------+-----+--------+
         Total |   3285 |   2719 |    566 |      0 |   2294 |   4 |  821.2 |
       Dungeon |   3285 |   2719 |    566 |      0 |   2294 |   4 |  821.2 |
               +--------+--------+--------+--------+--------+-----+--------+

Top non-repeatable levels by time:
     D:3: 1234 daAuts
     D:1: 794 daAuts
     D:2: 654 daAuts
     D:4: 602 daAuts
